 Dungeon Crawl Stone Soup version 0.28.0-55-gcd9437bce4 (webtiles) character file.

Game seed: 9100441320576442642

379 cbfl8 the Poker (level 6, -4/47 HPs)
             Began as a Merfolk Gladiator on Jan 9, 2023.
             Splashed by a jelly's acid (8 damage)
             ... on level 5 of the Dungeon.
             The game lasted 00:05:07 (5377 turns).

cbfl8 the Poker (Merfolk Gladiator)                 Turns: 5377, Time: 00:05:07

Health: -4/47      AC: -1    Str: 16    XL:     6   Next: 74%
Magic:  6/6        EV:  8    Int:  7    God:
Gold:   146        SH:  0    Dex: 16    Spells: 5/5 levels left

rFire   x . .      SeeInvis .   a - +0 trident
rCold   + . .      Faith    .   (no shield)
rNeg    . . .      Spirit   .   c - +0 chain mail
rPois   .          Reflect  .   n - +0 helmet
rElec   .          Harm     .   b - +2 cloak
rCorr   .          Rampage  .   h - +0 pair of gloves
Will    .....                   (no boots)
Stlth   ..........              (no amulet)
HPRegen 0.15/turn               m - ring of ice
MPRegen 0.10/turn               (no ring)

@: corroded
A: (nimble swimmer 2), mertail
a: no special abilities


You were on level 5 of the Dungeon.
You visited 2 branches of the dungeon, and saw 6 of its levels.

You collected 146 gold pieces.

Inventory:

Hand Weapons
 a - a +0 trident (weapon)
Missiles
 d - 3 throwing nets (quivered)
Armour
 b - a +2 cloak (worn)
 c - a +0 chain mail (worn)
 h - a +0 pair of gloves (worn)
 n - a +0 helmet (worn)
Jewellery
 m - a ring of ice (left hand)
Scrolls
 e - a scroll of teleportation {unknown}
 f - 2 scrolls of blinking {unknown}
 j - a scroll of vulnerability {unknown}
 k - 3 scrolls of identify {unknown}
 o - a scroll of summoning {unknown}
 p - 2 scrolls of fog {unknown}
Potions
 g - a potion of mutation {unknown}
 i - a potion of heal wounds {unknown}
 l - 2 potions of lignification {unknown}
 q - a potion of degeneration {unknown}
 r - a potion of flight {unknown}


   Skills:
 + Level 3.6 Fighting
 + Level 7.3 Polearms
 + Level 2.1 Throwing
 + Level 2.1 Armour
 + Level 5.3 Dodging
 + Level 1.0 Stealth


You had 5 spell levels left.
You didn't know any spells.
Your spell library contained the following spells:

 Spells                   Type           Power      Damage    Failure   Level
 Sublimation of Blood     Necr           0%         N/A       100%        2
 Wereblood                Tmut           0%         N/A       100%        2
 Conjure Flame            Conj/Fire      0%         6-21      100%        3
 Ignite Poison            Fire/Tmut/Pois 0%         N/A       100%        3
 Petrify                  Tmut/Erth      0%         N/A       100%        4
 Sticky Flame             Conj/Fire      0%         2d3       100%        4
 Summon Forest            Summ/Tloc      0%         N/A       100%        5
 Summon Mana Viper        Hex/Summ       0%         N/A       100%        5
 Summon Cactus Giant      Summ           0%         N/A       100%        6
 Spellforged Servitor     Conj/Summ      0%         N/A       100%        7
 Summon Hydra             Summ           0%         N/A       100%        7
 Shatter                  Erth           0%         3d5*      100%        9


Dungeon Overview and Level Annotations

Branches:
Dungeon (5/15)             Temple (1/1) D:4

Altars:
Cheibriados
Dithmenos
Elyvilon
Gozag
Kikubaaqudgha
Makhleb
Qazlal
Ru
Trog
Vehumet
Wu Jian
Xom
Yredelemnul


Innate Abilities, Weirdness & Mutations

((You are very nimble when in or above water. (Stealth+, EV+, Speed+++)))
Your lower body shifts to a powerful aquatic tail in water.


Message History

The water moccasin skeleton is severely damaged.
The water moccasin skeleton closely misses you.
The water moccasin skeleton bites you but does no damage.
You barely miss the water moccasin skeleton.
The water moccasin skeleton is severely damaged.
The water moccasin skeleton bites you.
You puncture the water moccasin skeleton!
You destroy the water moccasin skeleton!
Okay, then.
Found a There-And-Back Book.
Found a stone staircase leading down.
You hear a distant slurping noise.
A jelly comes into view.
The jelly quivers.
You puncture the jelly!
Your hands burn!
The jelly is moderately wounded.
The jelly hits you. The acid corrodes you!
You are splashed with acid!
You hit the jelly. The acid corrodes you!
Your hands burn!
The jelly is heavily wounded.
The jelly closely misses you.
You hit the jelly. The acid corrodes you!
Your hands burn!
The jelly is severely wounded.
The jelly jiggles.
The jelly barely misses you.
You hit the jelly.
Your hands burn!
The jelly is severely wounded.
You hit the jelly but do no damage.
Your hands burn!
The jelly is severely wounded.
The jelly closely misses you.
You hit the jelly.
Your hands burn!
The jelly is almost dead.
The jelly hits you.
* * * LOW HITPOINT WARNING * * *
The acid corrodes you!
You are splashed with acid!
* * * LOW HITPOINT WARNING * * *
You completely miss the jelly.
The jelly is almost dead.
The jelly hits you.
* * * LOW HITPOINT WARNING * * *
You are splashed with acid!
You die...

... ... .... .....
....:#### ......>.#
......J@########+##
...........<.......
...................
#####..............
#........#+#+#.
#........#
#^.......#
###......# #......#


You could see a jelly.

Vanquished Creatures
  An ogre (D:4)
  A phantom (D:4)
  A water moccasin skeleton (D:5)
  A hound (D:4)
  An orc wizard (D:4)
  A hound skeleton (D:4)
  An adder (D:4)
  2 worms (D:2)
  A dart slug (D:2)
  15 orcs
  8 ball pythons
  5 endoplasms
  A giant cockroach (D:1)
  8 goblins
  3 hobgoblins
  4 jackals (D:1)
  A quokka (D:2)
  5 bats
  4 frilled lizards
  7 kobolds
  6 rats
77 creatures vanquished.

Notes
Turn   | Place    | Note
-------+----------+-------------------------------------------
     0 | D:1      | cbfl8 the Merfolk Gladiator began the quest for the Orb.
     0 | D:1      | Reached XP level 1. HP: 16/16 MP: 1/1
   199 | D:1      | Reached XP level 2. HP: 23/23 MP: 2/2
   296 | D:1      | Got the Almanac of Ashen Companions
   760 | D:1      | Reached skill level 5 in Polearms
   760 | D:1      | Reached XP level 3. HP: 28/28 MP: 3/3
  1940 | D:3      | Reached skill level 1 in Stealth
  1998 | D:3      | Found a sacrificial altar of Ru.
  2075 | D:3      | Reached XP level 4. HP: 33/34 MP: 4/4
  2564 | D:3      | Found an ornate altar of the Wu Jian Council.
  2821 | D:3      | Found a faded altar of an unknown god.
  2952 | D:3      | Found a basalt altar of Yredelemnul.
  3108 | D:4      | Found a staircase to the Ecumenical Temple.
  3127 | Temple   | Entered the Ecumenical Temple
  3435 | D:4      | Noticed a phantom
  3457 | D:4      | Killed a phantom
  3458 | D:4      | Reached skill level 6 in Polearms
  3458 | D:4      | Reached skill level 1 in Armour
  3458 | D:4      | Reached skill level 5 in Dodging
  3458 | D:4      | Reached XP level 5. HP: 12/40 MP: 5/5
  3949 | D:4      | Reached XP level 6. HP: 8/47 MP: 6/6
  4281 | D:4      | Found a burning altar of Makhleb.
  4632 | D:4      | Reached skill level 7 in Polearms
  5350 | D:5      | Entered Level 5 of the Dungeon
  5377 | D:5      | Splashed by a jelly's acid

Illustrated notes

Levels and vault maps discovered:
D:1:      kennysheep_arrival_seaside, layout_loops_ring, hangedman_decor_points
D:2:      layout_rooms
D:3:      layout_basic, mainiacjoe_overflow_alcove_1,
          mainiacjoe_overflow_catwalk, nicolae_overflow_hidden_temple,
          chequers_ecumenical_altar_simple_redux
D:4:      layout_basic, kennysheep_little_box, minmay_temple_entry_waves
D:5:      kennysheep_six_static_rooms, layout_basic, zin_academy,
          mainiacjoe_overflow_divided_tiny,
          nicolae_concentric_dashed_squares_wild, uniq_ijyb
Temple:   kb_temple_of_zot

Skill      XL: |  1  2  3  4  5  6 |
---------------+-------------------+-----
Polearms       | 5 6 7 |  7.3
Stealth        | 1 |  1.0
Armour         | 1 2 |  2.1
Dodging        | 5 |  5.3
Fighting       | 3 |  3.6
Throwing       | |  2.1

Action                   |  1- 3 |  4- 6 || total
-------------------------+-------+-------++-------
Melee: Trident           |   139 |   160 ||   299
       Punch             |     2 |     2 ||     4
  Use: Potion            |       |     2 ||     2
 Stab: Sleeping          |     4 |       ||     4
Armor: Leather armour    |    16 |       ||    16
       Ring mail         |    12 |       ||    12
       Scale mail        |     4 |     9 ||    13
       Chain mail        |       |    85 ||    85
Dodge: Dodged            |    64 |    58 ||   122
